 Dungeon Crawl Stone Soup version 0.21.1-1-g345015f (webtiles) character file.

2533 CorbyHaas the Grappler (level 9, -9/84 HPs)
             Began as a Troll Warper on May 23, 2018.
             Was a Priest of Qazlal.
             Mangled by a two-headed ogre
             ... wielding a +0 giant club
              (16 damage)
             ... on level 7 of the Dungeon.
             The game lasted 00:27:14 (5866 turns).

CorbyHaas the Grappler (Troll Warper)               Turns: 5866, Time: 00:27:15

Health: -9/84      AC:  6    Str: 21    XL:     9   Next: 30%
Magic:  7/11       EV: 12    Int: 10    God:    Qazlal [***...]
Gold:   72         SH:  4    Dex: 14    Spells: 8/12 levels left

rFire    . . .     SeeInvis .     - Unarmed
rCold    . . .     Gourm    +   (no shield)
rNeg     . . .     Faith    .   a - +0 robe
rPois    +         Spirit   .   (helmet restricted)
rElec    .         Reflect  .   w - +0 cloak
rCorr    .         Harm     .   (gloves unavailable)
MR       .....                  (boots unavailable)
Stlth    +.........             z - amulet of regeneration
HPRegen  1.04/turn              e - +3 ring of dexterity
MPRegen  0.12/turn              H - ring of poison resistance

@: hasted, very quick
A: large, unfitting armour, claws 3, fast metabolism 3, gourmand, regeneration
1, shaggy fur 1, tough skin 2
a: Upheaval, Elemental Force, Renounce Religion


You were on level 7 of the Dungeon.
You worshipped Qazlal.
Qazlal was most pleased with you.
You were very full.

You visited 1 branch of the dungeon, and saw 8 of its levels.
You also visited: Sewer and Bailey.

You collected 287 gold pieces.
You spent 215 gold pieces at shops.

Inventory:

Missiles
 d - 5 tomahawks of dispersal
 g - a large rock (quivered)
 h - 248 stones
 l - 3 needles of sleeping
 o - 3 curare-tipped needles
 p - 32 poisoned needles
 r - 70 sling bullets
 s - 4 steel tomahawks
 y - 16 tomahawks
 G - 2 poisoned javelins
Armour
 a - a +0 robe (worn)
 w - a +0 cloak (worn)
Jewellery
 e - a +3 ring of dexterity (left claw)
 z - an amulet of regeneration (around neck)
 H - a ring of poison resistance (right claw)
Wands
 i - a wand of clouds (4)
 t - a wand of paralysis (8)
 F - a wand of iceblast (5)
 J - a wand of acid (4)
Scrolls
 c - 2 scrolls of blinking
 j - 6 scrolls of remove curse
 m - 3 scrolls of teleportation
 C - 4 scrolls of enchant weapon
 E - a scroll of magic mapping
 L - 2 scrolls of identify
Potions
 k - 5 potions of curing
 n - 2 potions of lignification
 q - a potion of degeneration {unknown}
 u - 2 potions of brilliance
 v - 2 potions of haste
 x - 3 potions of flight {unknown}
 A - a potion of heal wounds {unknown}
 B - a potion of agility {unknown}
 D - 2 potions of mutation {unknown}
 K - a potion of ambrosia {unknown}
Books
 b - a book of Spatial Translocations

   Spells                             Type                      Level
   a - Blink                          Translocation                2
   b - Shroud of Golubria             Charms/Translocation         2
   c - Lesser Beckoning               Translocation                3
   d - Gell's Gravitas                Translocation                3
   e - Teleport Other                 Translocation                3
   f - Passage of Golubria            Translocation                4
 I - a book of Minor Magic

   Spells                             Type                      Level
   a - Magic Dart                     Conjuration                  1
   b - Blink                          Translocation                2
   c - Call Imp                       Summoning                    2
   d - Slow                           Hexes                        2
   e - Conjure Flame                  Conjuration/Fire             3
   f - Mephitic Cloud                 Conjuration/Poison/Air       3
Comestibles
 f - 11 rations


   Skills:
 + Level 4.0 Fighting
 - Level 2.0 Throwing
 + Level 4.1 Dodging
 + Level 9.2 Unarmed Combat
 - Level 2.0 Spellcasting
 + Level 2.8 Charms
 - Level 3.0 Translocations


You had 8 spell levels left.
You knew the following spells:

 Your Spells              Type           Power        Failure   Level  Hunger
a - Shroud of Golubria    Chrm/Tloc      #.........   14%         2    ###....
b - Blink                 Tloc           N/A          14%         2    ###....


Dungeon Overview and Level Annotations

Branches:
Dungeon (8/15)             Temple (0/1) D:6
   Lair: D:8-11

Altars:
Ashenzari
Cheibriados
Fedhas
Qazlal
Xom

Shops:
D:5 *   D:6 [![}!


Innate Abilities, Weirdness & Mutations

You are too large for most types of armour.
You have claws for hands.
Your metabolism is lightning-fast.
You like to eat raw meat.
Your natural rate of healing is unusually fast.
You are covered in fur. (AC +1)
You have very tough skin. (AC +2)


Message History

The two-headed ogre is heavily wounded.
Unknown command.
You closely miss the two-headed ogre.
The two-headed ogre is heavily wounded.
The two-headed ogre hits you with a giant club. x2
Unknown command.
You scratch the two-headed ogre.
The two-headed ogre is heavily wounded.
The two-headed ogre hits you with a giant club.
The two-headed ogre hits you with a giant club!
* * * LOW HITPOINT WARNING * * *
Unknown command.
You feel yourself speed up.
Unknown command.
You claw the two-headed ogre!
The two-headed ogre is severely wounded.
The two-headed ogre hits you with a giant club!
* * * LOW HITPOINT WARNING * * *
The two-headed ogre hits you with a giant club!
You die...

'####....# #.........##....#...
....#....# #.........##....#...
....#....# #..........#...[#...
....#....# #..........#....#...
#####[...#######'####+######'#...
..####'#.........................
.......#.........................
.......'.........O...............
.......#.......§@................
####...#.........§.)#####........
..##...#............# #........
...#...#............# ######...
...#...#######......# #...
...'....# #......###### #...
#.###..## #......#....# #...
#####..# #......#....# #... #
#...#######......#...## #...


You could see a two-headed ogre.

Vanquished Creatures
  The ghost of Shittyoctopus the Sneak, a novice OpMo (D:5)
  A hornet zombie (D:7)
  2 ice beasts
  2 orc warriors
  A sky beast (D:6)
  An ogre (D:7)
  2 centaurs (D:6)
  A big kobold (Sewer)
  3 bullfrogs
  2 scorpions (D:5)
  A killer bee (D:8)
  4 crimson imps
  2 bullfrog zombies (D:6)
  6 orc priests
  4 hounds
  6 orc wizards
  An iguana (D:4)
  2 worker ants (D:4)
  A hound skeleton (D:7)
  3 gnolls (D:7)
  A howler monkey skeleton (D:6)
  6 adders
  4 river rats (D:3)
  A shadow imp (D:7)
  4 oozes
  An adder skeleton (D:7)
  3 worms
  2 dart slugs
  6 leopard geckos
  26 orcs
  7 giant cockroaches
  10 goblins
  5 hobgoblins
  8 jackals
  7 kobolds
  7 quokkas
  5 ball pythons
  9 bats
  7 frilled lizards
  A jackal skeleton (D:4)
  2 quokka skeletons
  13 rats
181 creatures vanquished.

Notes
Turn   | Place    | Note
-------+----------+-------------------------------------------
     0 | D:1      | CorbyHaas the Troll Warper began the quest for the Orb.
     0 | D:1      | Reached XP level 1. HP: 19/19 MP: 1/1
   109 | D:1      | Reached XP level 2. HP: 27/27 MP: 2/2
   113 | D:1      | Reached skill level 3 in Unarmed Combat
   455 | D:1      | Reached XP level 3. HP: 33/33 MP: 3/3
   853 | D:2      | Reached skill level 4 in Unarmed Combat
   947 | D:2      | Reached XP level 4. HP: 41/41 MP: 4/4
  1705 | D:3      | Reached skill level 5 in Unarmed Combat
  1716 | D:3      | Reached XP level 5. HP: 46/48 MP: 5/5
  2008 | D:3      | Found a stormy altar of Qazlal.
  2015 | D:3      | Became a worshipper of Qazlal Stormbringer
  2100 | D:3      | Found a glowing drain.
  2109 | Sewer    | Entered a sewer
  2181 | Sewer    | Reached * piety under Qazlal
  2196 | Sewer    | Reached skill level 6 in Unarmed Combat
  2196 | Sewer    | Reached XP level 6. HP: 36/55 MP: 6/6
  2273 | Sewer    | Found a white marble altar of Elyvilon.
  2643 | D:3      | Found a shimmering altar of Xom.
  2643 | D:3      | Found a blossoming altar of Fedhas.
  2702 | D:4      | Got a pitted whip
  2781 | D:4      | Reached skill level 7 in Unarmed Combat
  3396 | D:5      | Entered Level 5 of the Dungeon
  3405 | D:5      | Found a shattered altar of Ashenzari.
  3409 | D:5      | Noticed an orc warrior
  3507 | D:5      | Noticed an ice beast
  3518 | D:5      | Killed an ice beast
  3518 | D:5      | Reached skill level 8 in Unarmed Combat
  3518 | D:5      | Reached XP level 7. HP: 22/62 MP: 7/7
  3562 | D:5      | Learned a level 2 spell: Shroud of Golubria
  3597 | D:5      | Reached skill level 1 in Throwing
  3709 | D:5      | Found a snail-covered altar of Cheibriados.
  3724 | D:5      | Noticed Shittyoctopus's ghost (novice OpMo)
  3736 | D:5      | Killed Shittyoctopus's ghost
  3736 | D:5      | Reached skill level 1 in Charms
  3736 | D:5      | Reached XP level 8. HP: 58/72 MP: 9/9
  3791 | D:5      | Reached ** piety under Qazlal
  3892 | D:5      | Found Roriarong's Assorted Antiques.
  3900 | D:5      | Bought a bone wand for 124 gold pieces
  4127 | D:6      | Found a staircase to the Ecumenical Temple.
  4222 | D:6      | Found Urul's Distillery.
  4307 | D:6      | Found Voffi's Antique Armour Shop.
  4380 | D:6      | Found Cesom's Distillery.
  4388 | D:6      | Bought a potion of might for 52 gold pieces
  4394 | D:6      | Found Sacav's Armour Shop.
  4504 | D:6      | Found Raf Tepp's Gadget Emporium.
  4632 | D:6      | Bought a potion of lignification for 39 gold pieces
  4798 | D:6      | Learned a level 2 spell: Blink
  4828 | D:7      | Reached XP level 9. HP: 69/83 MP: 11/11
  4929 | D:7      | Reached skill level 9 in Unarmed Combat
  4951 | D:7      | Found a flagged portal.
  4960 | Bailey   | Entered a bailey
  5012 | D:7      | Reached *** piety under Qazlal
  5843 | D:8      | Noticed a two-headed ogre
  5843 | D:8      | Noticed a two-headed ogre
  5866 | D:7      | Mangled by a two-headed ogre

Skill      XL: |  1  2  3  4  5  6  7  8  9 |
---------------+----------------------------+-----
Unarmed Combat | 3 4 5 6 8 9 |  9.2
Throwing       | 1 2 |  2.0
Dodging        | 2 3 4 |  4.1
Fighting       | 2 3 4 |  4.0
Charms         | 1 2 |  2.8
Spellcasting   | 2 |  2.0
Translocations | 3 |  3.0

Action                   |  1- 3 |  4- 6 |  7- 9 || total
-------------------------+-------+-------+-------++-------
Melee: Unarmed           |   100 |   192 |   235 ||   527
       Punch             |     1 |     3 |    11 ||    15
Throw: Large rock        |       |       |    11 ||    11
 Cast: Shroud of Golubri |       |       |     7 ||     7
  Use: Scroll            |       |     3 |     9 ||    12
       Potion            |       |       |     2 ||     2
 Stab: Distracted        |       |     1 |       ||     1
  Eat: Chunk             |    14 |    23 |    22 ||    59
Armor: Robe              |    36 |    46 |    53 ||   135
Dodge: Dodged            |    48 |    88 |   118 ||   254
Block: Other             |       |     2 |    30 ||    32
